 Dungeon Crawl Stone Soup version 0.29-a0-1006-g0dd7720b37 (webtiles) character file.

Game seed: 3911506487955544768

3 Sweeb the Ducker (level 1, -26/14 HPs)
             Began as a Tengu Monk on Aug 6, 2022.
             Killed by an exploding goblin (39 damage)
             ... ignited by their inner flame
             ... on level 1 of the Dungeon.
             The game lasted 00:00:41 (84 turns).

Sweeb the Ducker (Tengu Monk)                         Turns: 84, Time: 00:00:41

Health: -26/14     AC:  2    Str: 11    XL:     1   Next: 50%
Magic:  2/2        EV: 13    Int: 10    God:
Gold:   19         SH:  0    Dex: 16    Spells: 0/0 levels left

rFire   . . .      SeeInvis .   a - +0 falchion
rCold   . . .      Faith    .   (no shield)
rNeg    . . .      Spirit   .   b - +0 robe
rPois   .          Reflect  .   (helmet restricted)
rElec   .          Harm     .   (no cloak)
rCorr   .          Rampage  .   (no gloves)
Will    .....                   (boots unavailable)
Stlth   ++........              (no amulet)
HPRegen 0.04/turn               (no ring)
MPRegen 0.08/turn               (no ring)

@: no status effects
A: beak, talons 3
a: no special abilities


You were on level 1 of the Dungeon.
You visited 1 branch of the dungeon, and saw 1 of its levels.

You collected 19 gold pieces.

Inventory:

Hand Weapons
 a - a +0 falchion (weapon)
Armour
 b - a +0 robe (worn)
Potions
 c - a potion of ambrosia
 d - a potion of curing {unknown}


   Skills:
 + Level 3.0 Fighting
 * Level 3.3 Long Blades
 * Level 3.3 Dodging
 + Level 2.0 Stealth


You couldn't memorise any spells.
You didn't know any spells.
Your spell library was empty.

Dungeon Overview and Level Annotations

Branches:
Dungeon (1/15)

Altars:


Innate Abilities, Weirdness & Mutations

You have a beak for a mouth.
You have claws for feet.


Message History

The ball python is heavily wounded.
The ball python closely misses you. The ball python grabs you.
The ball python constricts you.
You slash the ball python!
You kill the ball python!
No target in view!
HP restored.
Found a stone staircase leading down.
A kobold comes into view. It is wielding a +0 club.
Found a scroll labelled GITE VUIMA.
A kobold is nearby!
A kobold is nearby!
Found a blue potion.
An endoplasm comes into view.
The endoplasm quivers.
The helpless kobold fails to defend itself.
You slash the kobold!
You kill the kobold!
You hit the endoplasm.
You kill the endoplasm!
No target in view!
No target in view!
Things that are here:
a +0 club; a kobold corpse
d - a blue potion
e - a scroll labelled GITE VUIMA A goblin comes into view.
It is wielding a +0 club.
A goblin is nearby!
As you read the scroll labelled GITE VUIMA, it crumbles to dust.
The creatures around you are filled with an inner flame!
It was a scroll of immolation.
A goblin is nearby!
A goblin is nearby!
The goblin shouts!
You hit the goblin but do no damage. The goblin hits you with a +0 club.
You slash the goblin!
The goblin explodes!
The fiery explosion engulfs you!!!
Ouch! That really hurt!
You die...

#### #..... #.....
......#### .........##
####### ~⌠⌠P⌠.....#
#.....# P...~.....#
#§§...#
.#.P...).####)§...# ~.
#.~........#@§...##. ~.
#.~........+........
~.###.~........#.....##+
~...P.~........#.....#
~⌠P⌠⌠~~..............+
............##########
..........#.#
##....###.#.# ......#
#...#


There were no monsters in sight!

Vanquished Creatures
  A ball python (D:1)
  An endoplasm (D:1)
  A goblin (D:1)
  A kobold (D:1)
4 creatures vanquished.

Notes
Turn   | Place    | Note
-------+----------+-------------------------------------------
     0 | D:1      | Sweeb the Tengu Monk began the quest for the Orb.
     0 | D:1      | Reached XP level 1. HP: 14/14 MP: 2/2
    84 | D:1      | Killed by an exploding goblin... ignited by their inner
                  | flame

Illustrated notes

Levels and vault maps discovered:
D:1:      nzn_arrival_settlement, layout_basic,
          shapermc_ecumenical_altar_acropolis

Action                   || total
-------------------------++-------
Melee: Falchion          ||     6
  Use: Scroll            ||     1
 Stab: Sleeping          ||     2
Dodge: Dodged            ||     1

Table legend: (Time is in decaauts)
 A = Elapsed time spent in this place.
 B = Non-inter-level travel time spent in this place.
 C = Inter-level travel time spent in this place.
 D = Time resting spent in this place.
 E = Time spent auto-exploring this place.
 F = Levels seen in this place.
 G = Mean time per level.
                   A        B        C        D        E       F      G
               +--------+--------+--------+--------+--------+-----+--------+
         Total |     84 |     84 |      0 |      0 |     56 |   1 |   84.0 |
       Dungeon |     84 |     84 |      0 |      0 |     56 |   1 |   84.0 |
               +--------+--------+--------+--------+--------+-----+--------+

Top non-repeatable levels by time:
     D:1: 84 daAuts
